 Dungeon Crawl Stone Soup version 0.19.0-19-g8c6edcc (webtiles) character file.

14342 Haldmier the Carver (level 11, -12/64 HPs)
             Began as a High Elf Skald on Nov 13, 2016.
             Was a Priest of Ashenzari.
             Mangled by a sun demon (16 damage)
             ... summoned by an orc high priest
             ... on level 2 of the Orcish Mines.
             The game lasted 01:51:06 (16637 turns).

Haldmier the Carver (High Elf Skald)               Turns: 16637, Time: 01:51:07

Health: -12/64     AC: 11    Str: 14    XL:     11   Next: 87%
Magic:  17/22      EV: 14    Int: 20    God:    Ashenzari [***...]
Gold:   1670       SH:  5    Dex: 16    Spells: 8 memorised, 4 levels left

rFire  . . .     SeeInvis +     o - +7 falchion of the Mosquito {vamp, +Blink rElec Int+4}
rCold  . . .     Gourm    .     i - +1 robe {Archmagi} (curse)
rNeg   . . .     Faith    .     Q - +0 buckler (curse)
rPois  .         Spirit   .     n - +2 hat (curse)
rElec  +         Reflect  .     (no cloak)
rCorr  .         Harm     .     W - +1 pair of gloves
MR     +....                    (no boots)
Stlth  ++........               (no amulet)
                                v - +4 ring of protection
                                a - +3 ring of evasion

@: drained
A: no striking features
a: Curse Item, Scrying, Renounce Religion, Evoke Blink


You were on level 2 of the Orcish Mines.
You worshipped Ashenzari.
Ashenzari was most pleased with you.
You were not hungry.

You visited 4 branches of the dungeon, and saw 14 of its levels.

You collected 1670 gold pieces.

Inventory:

Hand Weapons
 o - the +7 falchion of the Mosquito (weapon) {vamp, +Blink rElec Int+4}
   (You found it on level 8 of the Dungeon)

   It inflicts no extra harm, but heals its wielder when it wounds a living foe.
   It affects your intelligence (+4).
   It insulates you from electricity.
   It lets you blink.
 J - the +4 falchion of Terra Cotta {vamp, rElec rPois Int+4}
   (You found it on level 9 of the Dungeon)

   It inflicts no extra harm, but heals its wielder when it wounds a living foe.
   It affects your intelligence (+4).
   It insulates you from electricity.
   It protects you from poison.
Missiles
 D - a throwing net
 M - 20 tomahawks (quivered)
Armour
 i - a cursed +1 robe of the Archmagi (worn)
 n - a cursed +2 hat (worn)
 Q - a cursed +0 buckler (worn)
 W - a +1 pair of gloves (worn)
Jewellery
 a - a +3 ring of evasion (left hand)
 v - a +4 ring of protection (right hand)
Wands
 e - a wand of iceblast (4/15)
 F - a wand of acid (11/15)
 S - a wand of digging (13/24)
 Z - a wand of slowing (37/48)
Scrolls
 j - 3 scrolls of teleportation
 m - a scroll of enchant armour
 B - a scroll of blinking {unknown}
 G - 2 scrolls of magic mapping
 I - 2 scrolls of recharging {unknown}
 K - a scroll of amnesia
 N - a scroll of silence {unknown}
 P - 2 scrolls of remove curse
Potions
 p - a potion of agility
 q - a potion of lignification
 t - a potion of resistance
 w - 3 potions of heal wounds
 z - 5 potions of curing
 L - 2 potions of cancellation
 R - a potion of ambrosia
 V - a potion of magic {unknown}
Books
 b - a book of Clouds

   Spells                             Type                      Level
   a - Mephitic Cloud                 Conjuration/Poison/Air       3
   b - Conjure Flame                  Conjuration/Fire             3
   c - Poisonous Cloud                Conjuration/Poison/Air       6
   d - Freezing Cloud                 Conjuration/Ice/Air          6
   e - Ring of Flames                 Charms/Fire                  7
 c - a book of Battle

   Spells                             Type                      Level
   a - Infusion                       Charms                       1
   b - Shroud of Golubria             Charms/Translocation         2
   c - Song of Slaying                Charms                       2
   d - Spectral Weapon                Hexes/Charms                 3
   e - Regeneration                   Charms/Necromancy            3
 g - a book of Transfigurations

   Spells                             Type                      Level
   a - Irradiate                      Conjuration/Transmutation    5
   b - Statue Form                    Transmutation/Earth          6
   c - Hydra Form                     Transmutation                6
   d - Dragon Form                    Transmutation                7
 H - a book of Maledictions

   Spells                             Type                      Level
   a - Corona                         Hexes                        1
   b - Ensorcelled Hibernation        Hexes/Ice                    2
   c - Confuse                        Hexes                        3
   d - Tukima's Dance                 Hexes                        3
   e - Dazzling Spray                 Conjuration/Hexes            3
 T - a book of Frost

   Spells                             Type                      Level
   a - Freeze                         Ice                          1
   b - Throw Frost                    Conjuration/Ice              2
   c - Ozocubu's Armour               Charms/Ice                   3
   d - Throw Icicle                   Conjuration/Ice              4
   e - Summon Ice Beast               Ice/Summoning                4
 U - a book of Misfortune

   Spells                             Type                      Level
   a - Confusing Touch                Hexes                        1
   b - Confuse                        Hexes                        3
   c - Gell's Gravitas                Hexes/Translocation          3
   d - Petrify                        Transmutation/Earth          4
   e - Metabolic Englaciation         Hexes/Ice                    5
   f - Yara's Violent Unravelling     Hexes/Transmutation          5
 Y - a book of Enchantments

   Spells                             Type                      Level
   a - Cause Fear                     Hexes                        4
   b - Yara's Violent Unravelling     Hexes/Transmutation          5
   c - Silence                        Hexes/Air                    5
   d - Deflect Missiles               Charms/Air                   6
   e - Discord                        Hexes                        8
Comestibles
 d - 7 bread rations
 f - 3 beef jerkies
 h - 5 slices of pizza
 k - 4 meat rations
 l - 5 fruits
 r - a chunk of flesh


   Skills:
 - Level 2.0(1.3) Fighting
 - Level 10.0(9.2) Long Blades
 - Level 0.8(0.2) Armour
 - Level 1.1(0.4) Dodging
 - Level 3.1(2.4) Stealth
 - Level 4.0(5.0) Shields
 + Level 7.0(6.2) Spellcasting
 + Level 9.3(8.5) Conjurations
 - Level 5.1(4.4) Hexes
 - Level 5.0(4.3) Charms
 - Level 2.0(1.4) Necromancy
 - Level 3.0(2.3) Translocations
 + Level 9.5(8.7) Ice Magic
 - Level 5.2(4.5) Evocations


You had 4 spell levels left.
You knew the following spells:

 Your Spells              Type           Power        Failure   Level  Hunger
a - Infusion              Chrm           ####         1%          1    None
b - Shroud of Golubria    Chrm/Tloc      ####......   4%          2    None
c - Ozocubu's Armour      Chrm/Ice       #####...     1%          3    ##.....
d - Spectral Weapon       Hex/Chrm       #####...     8%          3    ##.....
e - Regeneration          Chrm/Necr      ####......   12%         3    ##.....
f - Confuse               Hex            #####...     6%          3    ##.....
g - Corona                Hex            #####..      1%          1    None
h - Throw Icicle          Conj/Ice       ######..     3%          4    ####...


Dungeon Overview and Level Annotations

Branches:
Dungeon (10/15)            Temple (1/1) D:7            Lair (1/6) D:9
    Orc (2/2) D:10            Elf (0/3) Orc:2

Altars:
Ashenzari
Cheibriados
Dithmenos
Elyvilon
Fedhas
Gozag
Hepliaklqana
Kikubaaqudgha
Makhleb
Nemelex Xobeh
Okawaru
Qazlal
Ru
Sif Muna
Trog
Uskayaw
Vehumet
Xom
Yredelemnul
Zin
The Shining One
Beogh

Annotations:
D:6 Grinder


Message History

Your spectral weapon shares its damage with you!
The ice devil freezes your spectral weapon!
Your spectral weapon resists.
Your spectral weapon shares its damage with you!
Your spectral weapon misses the orc high priest.
The sun demon hits you!!
You are engulfed in flames!
* * * LOW HITPOINT WARNING * * *
The orc high priest utters an invocation to Beogh.
The orc high priest is healed somewhat.
You barely miss the orc high priest.
The orc high priest is heavily wounded.
Your spectral weapon hits the orc high priest!
The ice devil hits your spectral weapon!
Your spectral weapon shares its damage with you!
Your spectral weapon fades away.
* * * LOW HITPOINT WARNING * * *
The sun demon hits you!
* * * LOW HITPOINT WARNING * * *
You are engulfed in flames!
You die...

.............)...##,,, , ##......
..............)#.# ,,, ,{#......
##.........)..)#.#,{,,, , #......
#.............)###∆,, .{#......
.........#.....# {{ ....,#......
........)......## {{ .÷÷o∆#......
........)..#....#* .÷...##......
...........##...## #....##.#.....
.#......#...#...@##.....#.##.....
..#).....#..##..3o)...###........
)..#.#...#...##..4...###.........
...##.........##...###...........
....#..........#####..#..........
...###.#....##.....#......##...#.
.### ####.#####...##......###...#
## ### ##...##......###.##
##...###....###.##.


You could see an orc high priest, a sun demon and an ice devil.

Vanquished Creatures
  The ghost of Mlkhall the Transmogrifier, a journeyman MfTm of Cheibriados (Orc:1)
  2 orc high priests (Orc:2)
  3 orc knights (Orc:2)
  2 orc sorcerers (Orc:2)
  A spiny frog (Lair:1)
  2 komodo dragons
  3 trolls (Orc:2)
  Prince Ribbit (D:7)
  2 hippogriffs (D:8)
  8 yaks (Lair:1)
  A human (D:7)
  4 hogs
  A hungry ghost (D:9)
  A basilisk (Lair:1)
  A warg (Orc:1)
  A water moccasin (Lair:1)
  15 orc warriors
  A sky beast (D:5)
  A black bear (D:10)
  A phantom (D:4)
  15 ogres
  4 centaurs
  2 crocodiles (Lair:1)
  A gnoll sergeant (D:8)
  An earth elemental (Orc:2)
  7 bullfrogs
  A wyvern skeleton (D:6)
  3 scorpions
  5 wights (D:5)
  A howler monkey (D:5)
  3 crimson imps
  A centaur zombie (D:9)
  A gnoll shaman (D:4)
  10 orc priests
  9 hounds
  2 jellies
  Jessica (D:2)
  2 iguanas (D:10)
  11 orc wizards
  11 worker ants
  A hound zombie (D:6)
  A hound skeleton (D:7)
  A worker ant zombie (D:5)
  14 gnolls
  9 adders
  2 oozes
  An adder skeleton (D:5)
  3 dart slugs (D:1)
  4 worms
  4 leopard geckos
  48 orcs
  A ball python (D:3)
  6 giant cockroaches
  12 goblins
  10 hobgoblins
  A jackal (D:4)
  2 quokkas
  11 bats
  2 frilled lizards
  A jackal skeleton (D:6)
  A jackal zombie (D:6)
  14 kobolds
  A quokka skeleton (D:5)
  A quokka zombie (D:5)
  5 rats
  3 fungi (D:9)
  A spectral weapon (D:7)
303 creatures vanquished.

Vanquished Creatures (others)
  A fungus (D:9)
  A plant (D:9)
  5 spectral weapons
7 creatures vanquished.

Grand Total: 310 creatures vanquished

Notes
Turn   | Place    | Note
-------+----------+-------------------------------------------
     0 | D:1      | Haldmier the High Elf Skald began the quest for the Orb.
     0 | D:1      | Reached XP level 1. HP: 14/14 MP: 4/4
    22 | D:1      | Reached skill level 3 in Long Blades
    75 | D:1      | Reached XP level 2. HP: 17/19 MP: 3/6
   303 | D:1      | Learned a level 2 spell: Shroud of Golubria
   875 | D:1      | Reached skill level 4 in Long Blades
   942 | D:1      | Reached XP level 3. HP: 20/24 MP: 2/7
   993 | D:1      | Learned a level 3 spell: Spectral Weapon
  1148 | D:1      | Reached skill level 1 in Translocations
  1598 | D:2      | Found a sparkling altar of Nemelex Xobeh.
  1905 | D:2      | Noticed Jessica
  1906 | D:2      | Reached skill level 1 in Hexes
  1984 | D:2      | Killed Jessica
  1984 | D:2      | Reached XP level 4. HP: 3/29 MP: 2/8
  1985 | D:2      | Found a shadowy altar of Dithmenos.
  2439 | D:2      | Found a white marble altar of Elyvilon.
  3411 | D:3      | Reached XP level 5. HP: 19/34 MP: 0/10
  3924 | D:3      | Learned a level 3 spell: Regeneration
  4475 | D:3      | Found a snail-covered altar of Cheibriados.
  4486 | D:3      | Reached skill level 1 in Stealth
  4822 | D:4      | Found a glowing golden altar of the Shining One.
  4867 | D:4      | Noticed a phantom
  5172 | D:4      | Reached skill level 5 in Long Blades
  5210 | D:4      | Reached XP level 6. HP: 39/39 MP: 3/11
  5656 | D:4      | Reached skill level 1 in Necromancy
  6765 | D:4      | Reached XP level 7. HP: 45/45 MP: 3/12
  7012 | D:4      | Reached skill level 5 in Charms
  7102 | D:5      | Entered Level 5 of the Dungeon
  7133 | D:5      | Found a hazy altar of Hepliaklqana.
  7237 | D:5      | Reached skill level 6 in Long Blades
  7728 | D:5      | Reached skill level 7 in Long Blades
  7731 | D:5      | Learned a level 1 spell: Corona
  7822 | D:5      | Reached XP level 8. HP: 50/50 MP: 4/13
  7936 | D:5      | Found a sacrificial altar of Ru.
  7955 | D:5      | Reached skill level 8 in Long Blades
  8384 | D:5      | Learned a level 3 spell: Confuse
  8491 | D:6      | Reached skill level 1 in Shields
  8625 | D:6      | Noticed Grinder
  8752 | D:7      | Reached skill level 9 in Long Blades
  8926 | D:6      | Reached skill level 5 in Hexes
  9252 | D:6      | Paralysed by Grinder for 6 turns
  9688 | D:6      | Reached XP level 9. HP: 52/54 MP: 15/15
  9814 | D:6      | Found a deep blue altar of Sif Muna.
 10047 | D:7      | Found a staircase to the Ecumenical Temple.
 10047 | D:7      | Noticed Prince Ribbit
 10068 | D:7      | Killed Prince Ribbit
 10074 | Temple   | Entered the Ecumenical Temple
 10118 | Temple   | Became a worshipper of Ashenzari the Shackled
 10284 | Temple   | Learned a level 3 spell: Ozocubu's Armour
 10375 | D:7      | Reached skill level 1 in Ice Magic
 10409 | Temple   | HP: 2/54 [hog (9)]
 10416 | Temple   | HP: 1/54 [hog (4)]
 10549 | Temple   | Reached skill level 10 in Long Blades
 10987 | D:7      | Reached skill level 5 in Spellcasting
 11230 | D:8      | Found an iron altar of Okawaru.
 11457 | D:8      | Got the falchion of the Mosquito {vamp, +Blink rElec Int+4}
 11462 | D:8      | Identified the +7 falchion of the Mosquito {vamp, +Blink rElec Int+4} (You found it on level 8 of the Dungeon)
 11468 | D:8      | Learned a level 4 spell: Throw Icicle
 11857 | D:8      | Reached skill level 1 in Conjurations
 11943 | D:8      | Reached XP level 10. HP: 60/60 MP: 16/20
 12043 | D:9      | Reached skill level 1 in Evocations
 12096 | D:9      | Got the falchion of Terra Cotta {vamp, rElec rPois Int+4}
 12129 | D:9      | Reached skill level 5 in Ice Magic
 12309 | D:9      | Identified the +4 falchion of Terra Cotta {vamp, rElec rPois Int+4} (You found it on level 9 of the Dungeon)
 12344 | D:9      | Reached * piety under Ashenzari
 12411 | D:9      | Found a staircase to the Lair.
 12793 | Lair:1   | Entered Level 1 of the Lair of Beasts
 12905 | Lair:1   | Found a snail-covered altar of Cheibriados.
 12998 | Lair:1   | Noticed a spiny frog
 13009 | Lair:1   | Killed a spiny frog
 13009 | Lair:1   | Reached skill level 5 in Conjurations
 13438 | Lair:1   | Noticed an eight-headed hydra
 13708 | D:10     | Entered Level 10 of the Dungeon
 13741 | D:10     | Found a sacrificial altar of Ru.
 13884 | D:10     | Reached ** piety under Ashenzari
 14125 | D:10     | Found a staircase to the Orcish Mines.
 14205 | D:10     | Reached XP level 11. HP: 64/64 MP: 21/21
 14307 | Orc:1    | Entered Level 1 of the Orcish Mines
 14518 | Orc:1    | Noticed Mlkhall's ghost (journeyman MfTm)
 14567 | Orc:2    | Entered Level 2 of the Orcish Mines
 14738 | Orc:1    | Killed Mlkhall's ghost
 14738 | Orc:1    | Reached skill level 5 in Evocations
 15148 | Orc:2    | Found a roughly hewn altar of Beogh.
 15564 | Orc:2    | Noticed an orc knight
 15724 | Orc:2    | Killed an orc knight
 15742 | Orc:2    | Noticed an orc sorcerer
 15788 | Orc:2    | Killed an orc sorcerer
 15878 | Orc:2    | Noticed an orc high priest
 15895 | Orc:2    | Killed an orc high priest
 15915 | Orc:2    | Noticed an orc sorcerer
 15993 | Orc:2    | Found a staircase to the Elven Halls.
 16000 | Orc:2    | Reached *** piety under Ashenzari
 16179 | Orc:2    | Noticed an orc knight
 16227 | Orc:2    | Killed an orc knight
 16259 | Orc:2    | Noticed an orc high priest
 16465 | Orc:2    | Noticed an orc knight
 16513 | Orc:2    | Killed an orc high priest
 16514 | Orc:2    | Noticed an orc high priest
 16568 | Orc:2    | Killed an orc knight
 16602 | Orc:2    | Noticed an orc sorcerer
 16613 | Orc:2    | Killed an orc sorcerer
 16615 | Orc:2    | Noticed an orc knight
 16629 | Orc:2    | Noticed a sun demon
 16637 | Orc:2    | Mangled by a sun demon

Skill      XL: |  1  2  3  4  5  6  7  8  9 10 11 |
---------------+----------------------------------+-----
Long Blades    | 3 4 5 7 9 10 | 10.0
Translocations | 1 2 3 |  3.0
Hexes          | 1 2 3 5 |  5.1
Charms         | 4 5 |  5.0
Stealth        | 1 2 3 |  3.1
Spellcasting   | 3 6 7 |  7.0
Necromancy     | 1 2 |  2.0
Shields        | 2 4 |  4.0
Ice Magic      | 4 6 9 |  9.5
Conjurations   | 1 6 9 |  9.3
Evocations     | 4 5 |  5.2
Fighting       | |  2.0
Armour         | |  0.8
Dodging        | |  1.1

Action                   |  1- 3 |  4- 6 |  7- 9 | 10-12 || total
-------------------------+-------+-------+-------+-------++-------
Melee: Falchion          |   115 |   190 |   376 |   475 ||  1156
       Scimitar          |       |       |    26 |       ||    26
 Fire: Blowgun           |       |    13 |       |       ||    13
Throw: Tomahawk          |       |       |     2 |       ||     2
 Cast: Infusion          |    16 |    24 |     6 |       ||    46
       Shroud of Golubri |     5 |    29 |    45 |    30 ||   109
       Spectral Weapon   |       |    15 |    40 |    36 ||    91
       Regeneration      |       |     2 |    21 |    21 ||    44
       Corona            |       |       |     9 |     7 ||    16
       Confuse           |       |       |     8 |    15 ||    23
       Ozocubu's Armour  |       |       |    13 |    33 ||    46
       Throw Icicle      |       |       |       |     3 ||     3
Invok: Curse Item        |       |       |     3 |       ||     3
 Abil: Evoke Blink       |       |       |       |     2 ||     2
  Use: Scroll            |       |       |    17 |     1 ||    18
       Potion            |       |       |     2 |       ||     2
 Stab: Distracted        |     1 |     3 |     6 |     8 ||    18
       Sleeping          |       |       |     4 |     2 ||     6
       Confused          |       |       |     6 |     7 ||    13
  Eat: Chunk             |     4 |    18 |    24 |    22 ||    68
       Beef jerky        |       |     1 |     1 |       ||     2
       Fruit             |       |       |     5 |       ||     5
       Pizza             |       |       |     2 |       ||     2
Armor: Leather armour    |    26 |       |       |       ||    26
       Robe              |    17 |    30 |    75 |    99 ||   221
Dodge: Dodged            |    66 |    87 |   156 |   201 ||   510
Block: Buckler           |       |       |    42 |    87 ||   129
       Rpst.: Falchion   |    25 |    26 |    40 |    54 ||   145
       Scimitar          |       |       |     6 |       ||     6
